 Dungeon Crawl Stone Soup version 0.27.1-33-g824d729ab1 (webtiles) character file.

Game seed: 12089358303752681362

3329 unlimited1921 the Fighter (level 9, -2/72 HPs)
             Began as a Minotaur Fighter on Dec 31, 2021.
             Slain by an 11-headed hydra (8 damage)
             ... on level 5 of the Dungeon.
             The game lasted 00:39:55 (8280 turns).

unlimited1921 the Fighter (Minotaur Fighter)        Turns: 8280, Time: 00:39:58

Health: -2/72      AC: 13    Str: 30    XL:     9   Next: 71%
Magic:  8/8        EV:  9    Int:  5    God:
Gold:   158        SH: 13    Dex: 12    Spells: 8/8 levels left

rFire    . . .     SeeInvis .   v - +2 hand axe (vorpal)
rCold    + . .     Faith    .   c - +1 kite shield
rNeg     + . .     Spirit   .   b - +0 scale mail
rPois    .         Reflect  .   (helmet restricted)
rElec    .         Harm     .   (no cloak)
rCorr    .         Rampage  .   (no gloves)
Will     .....                  y - +0 pair of boots
Stlth    ..........             (no amulet)
HPRegen  1.22/turn              E - ring "Qacisti" {rN+ Str+6}
MPRegen  0.11/turn              r - +4 ring of protection

@: no status effects
A: horns 2, retaliatory headbutt, agile 1, cold resistance 1, frail 1,
regeneration 1
a: no special abilities


You were on level 5 of the Dungeon.
You visited 2 branches of the dungeon, and saw 8 of its levels.

You collected 158 gold pieces.

Inventory:

Hand Weapons
 a - a +0 war axe
 l - a +2 whip of freezing
 u - a +0 morningstar
 v - a +2 vorpal hand axe (weapon)
 w - a +1 vorpal falchion
 H - a +0 long sword
Missiles
 g - 13 javelins
 h - 86 bolts
 t - 11 poisoned darts (quivered)
 z - 2 atropa-tipped darts
Armour
 b - a +0 scale mail (worn)
 c - a +1 kite shield (worn)
 o - the +1 robe "Alyfesch" {rF++ Stlth+}
   (You found it on level 4 of the Dungeon)

   rF:        It greatly protects you from fire.
   Stlth:     It makes you more stealthy.
 p - a +0 chain mail
 y - a +0 pair of boots (worn)
Jewellery
 i - a ring of see invisible
 r - a +4 ring of protection (right hand)
 E - the ring "Qacisti" (left hand) {rN+ Str+6}
   (You found it on level 6 of the Dungeon)

   [ring of strength]

   Str:       It affects your strength (+6).
   rN:        It protects you from negative energy.
 K - a ring of protection from fire
Wands
 A - a wand of polymorph (9)
 B - a wand of charming (7)
 D - a wand of iceblast (5)
Scrolls
 f - 2 scrolls of silence
 m - 3 scrolls of amnesia
 n - a scroll of holy word
 s - 2 scrolls of teleportation
 C - a scroll of magic mapping
 I - 2 scrolls of enchant armour
 L - a scroll of fear
Potions
 d - a potion of might
 e - 3 potions of curing
 j - a potion of heal wounds {unknown}
 k - 2 potions of mutation
 q - 2 potions of haste
 x - a potion of attraction {unknown}
 F - a potion of invisibility {unknown}
 J - a potion of resistance {unknown}


   Skills:
 * Level 8.2 Fighting
 + Level 8.1 Axes
 * Level 6.1 Throwing
 + Level 8.0 Armour
 + Level 2.6 Dodging
 + Level 1.2 Stealth
 + Level 7.1 Shields


You had 8 spell levels left.
You didn't know any spells.
Your spell library contained the following spells:

 Spells                   Type           Power      Damage    Failure   Level
 Summon Small Mammal      Summ           0%         N/A       95%         1
 Call Canine Familiar     Summ           0%         N/A       100%        3
 Conjure Flame            Conj/Fire      0%         6-21      100%        3
 Ignite Poison            Fire/Tmut/Pois 0%         N/A       100%        3
 Inner Flame              Hex/Fire       0%         N/A       100%        3
 Summon Guardian Golem    Hex/Summ       0%         N/A       100%        3
 Cause Fear               Hex            0%         N/A       100%        4
 Sticky Flame             Conj/Fire      0%         2d3       100%        4
 Discord                  Hex            0%         N/A       100%        8


Dungeon Overview and Level Annotations

Branches:
Dungeon (7/15)             Temple (1/1) D:6

Altars:
Ashenzari
Cheibriados
Dithmenos
Elyvilon
Hepliaklqana
Kikubaaqudgha
Makhleb
Nemelex Xobeh
Okawaru
Qazlal
Ru
Sif Muna
Trog
Uskayaw
Vehumet
Wu Jian
Xom
Yredelemnul
Zin
The Shining One

Shops:
D:5 ?   D:6 :   D:7 =

Annotations:
D:5 3 runed translucent doors, Selrock's ghost, amateur DsMo


Innate Abilities, Weirdness & Mutations

You have a pair of horns on your head.
You reflexively headbutt those who attack you in melee.
You are agile. (Dex +2)
Your flesh is cold resistant. (rC+)
You are frail. (-10% HP)
Your natural rate of healing is unusually fast.


Message History

You climb upwards.
There is a stone staircase leading down here.
You block the water moccasin's attack.
Press: ? - help, v - describe, . - travel
Here: an 11-headed hydra (lightly wounded)
The floor.
Unknown command.
The water moccasin closely misses you. You furiously retaliate!
You headbutt the water moccasin.
You see here a +0 robe.
You closely miss the water moccasin.
Your headbutt misses the water moccasin.
The water moccasin is moderately wounded.
You block the water moccasin's attack.
There is an open door here.
There is an open door here.
The 11-headed hydra bites you. You block the 11-headed hydra's attack.
The 11-headed hydra bites you but does no damage. x3
You block the 11-headed hydra's attack. x2
The 11-headed hydra bites you but does no damage. x2
The 11-headed hydra bites you. The 11-headed hydra bites you!
There is a stone staircase leading up here.
You block the 11-headed hydra's attack. The 11-headed hydra bites you! x2
The 11-headed hydra bites you. The 11-headed hydra bites you! x2
You block the 11-headed hydra's attack.
The 11-headed hydra bites you but does no damage.
The 11-headed hydra bites you!
The 11-headed hydra bites you but does no damage.
The 11-headed hydra barely misses you. The water moccasin barely misses you.
You climb upwards.
Level annotation: 3 runed translucent doors, Selrock's ghost, amateur DsMo
There is a stone staircase leading down here.
You block the 11-headed hydra's attack. The 11-headed hydra bites you.
The 11-headed hydra bites you!
* * * LOW HITPOINT WARNING * * *
You block the 11-headed hydra's attack. x3; The 11-headed hydra bites you!
* * * LOW HITPOINT WARNING * * *
The 11-headed hydra bites you but does no damage.
The 11-headed hydra bites you!
You die...

.#.##........##
##....)...#####.
.#.###.####.##
##...##..# ## ...#
#.# #.# ##..##..#
.### #.# #.#
##'....# .# #.#
#.####### #.#####
.#####.# #.......#
#.# .......#
#######.####.##
######## #>D.##...##
###@..#(....#
#....<.....##
#.......#.##########
#.......###.........
###.........########
#...####### #####


You could see a 11-headed hydra.

Vanquished Creatures
  A boulder beetle (D:7)
  A wraith (D:7)
  A yak (D:6)
  A steam dragon (D:6)
  Menkaure (D:6)
  A water moccasin (D:6)
  2 sky beasts (D:6)
  A necrophage (D:2)
  5 ogres
  Blork the orc (D:5)
  2 bullfrogs
  A scorpion (D:5)
  A water moccasin zombie (D:6)
  3 water moccasin skeletons
  A killer bee (D:7)
  A howler monkey (D:6)
  3 centaur zombies
  A hound (D:3)
  A bullfrog zombie (D:5)
  6 orc priests
  A centaur skeleton (D:6)
  3 iguanas
  Natasha (thrice) (D:4)
  5 orc wizards
  6 adders
  A shadow imp (D:6)
  An adder skeleton (D:4)
  A worm (D:4)
  A dart slug (D:1)
  17 orcs
  7 ball pythons
  7 endoplasms
  A giant cockroach (D:3)
  2 goblins
  5 hobgoblins
  4 quokkas
  4 bats
  2 frilled lizards
  10 kobolds
  6 rats
122 creatures vanquished.

Notes
Turn   | Place    | Note
-------+----------+-------------------------------------------
     0 | D:1      | unlimited1921 the Minotaur Fighter began the quest for the
                  | Orb.
     0 | D:1      | Reached XP level 1. HP: 19/19 MP: 0/0
   333 | D:1      | Found a faded altar of an unknown god.
   443 | D:1      | Reached XP level 2. HP: 27/27 MP: 1/1
  1707 | D:2      | Found a burning altar of Makhleb.
  1878 | D:2      | Noticed a necrophage
  1889 | D:2      | Killed a necrophage
  1890 | D:2      | Reached XP level 3. HP: 31/35 MP: 2/2
  1890 | D:2      | Reached XP level 4. HP: 36/41 MP: 3/3
  2317 | D:3      | Reached skill level 5 in Fighting
  2317 | D:3      | Reached skill level 5 in Armour
  2317 | D:3      | Reached XP level 5. HP: 48/48 MP: 4/4
  2501 | D:3      | Reached XP level 6. HP: 54/56 MP: 5/5
  2928 | D:3      | Reached skill level 1 in Dodging
  3452 | D:4      | Noticed Natasha
  3492 | D:4      | Killed Natasha
  3612 | D:4      | Reached skill level 1 in Throwing
  3675 | D:4      | Identified the +1 robe "Alyfesch" {rF++ Stlth+}
  3694 | D:4      | Reached skill level 5 in Axes
  3694 | D:4      | Reached skill level 5 in Shields
  3694 | D:4      | Reached XP level 7. HP: 59/62 MP: 6/6
  3866 | D:4      | Noticed Natasha
  3871 | D:4      | Killed Natasha
  4035 | D:4      | Found a snail-covered altar of Cheibriados.
  4052 | D:4      | Noticed Natasha
  4066 | D:4      | Killed Natasha
  4461 | D:5      | Entered Level 5 of the Dungeon
  4465 | D:5      | Noticed Blork the orc
  4477 | D:5      | Killed Blork the orc
  5475 | D:5      | Found Zyguwn's Magic Scroll Emporium.
  5571 | D:5      | Found a runed translucent gate.
  5577 | D:5      | Found a runed translucent gate.
  5577 | D:5      | Found a runed translucent gate.
  5586 | D:5      | Noticed Selrock's ghost (amateur DsMo)
  5618 | D:5      | Reached XP level 8. HP: 66/71 MP: 7/7
  6330 | D:5      | Gained mutation: You are frail. (-10% HP) [potion of
                  | mutation]
  6330 | D:5      | Gained mutation: You are agile. (Dex +2) [potion of
                  | mutation]
  6330 | D:5      | Gained mutation: Your natural rate of healing is unusually
                  | fast. [potion of mutation]
  6330 | D:5      | Gained mutation: Your flesh is cold resistant. (rC+)
                  | [potion of mutation]
  6334 | D:6      | Noticed Menkaure
  6339 | D:6      | Killed Menkaure
  6730 | D:6      | Found a staircase to the Ecumenical Temple.
  6810 | Temple   | Entered the Ecumenical Temple
  7433 | D:6      | Found a basalt altar of Yredelemnul.
  7524 | D:6      | Found Qym Cunt's Book Shoppe.
  7669 | D:7      | Found Kusenah's Jewellery Shop.
  7678 | D:7      | Noticed a boulder beetle
  7697 | D:7      | Killed a boulder beetle
  7698 | D:7      | Reached skill level 5 in Throwing
  7698 | D:7      | Reached skill level 1 in Stealth
  7698 | D:7      | Reached XP level 9. HP: 62/72 MP: 8/8
  7714 | D:7      | Noticed a kobold demonologist
  7739 | D:7      | Noticed a red devil
  7756 | D:7      | Noticed an ice devil
  7913 | D:6      | Identified the ring "Qacisti" {rN+ Str+6}
  8035 | D:7      | Noticed a seven-headed hydra
  8280 | D:5      | Slain by an 11-headed hydra

Illustrated notes

Levels and vault maps discovered:
D:1:      kennysheep_arrival_seaside, layout_loops_corners,
          chequers_ecumenical_altar_island
D:2:      layout_loops_cross, basic_altar
D:3:      layout_basic, serial_co_window_serial, co_window_paths_a,
          co_window_paths_b, co_window_corner_a, co_window_paths_a,
          co_window_paths_b, co_window_2corner, co_window_of_opportunity_c,
          co_window_2corner, glass_columns_c, glass_columns_b
D:4:      layout_loops_ring, cheibrodos_worm_habitat, uniq_natasha
D:5:      layout_loops_corners, ebering_ghost_rock_garden, serial_shops,
          nicolae_square_shop, uniq_blork_the_orc
D:6:      layout_basic, lemuel_tele_altar, minmay_temple_entry_trees,
          serial_shops, nicolae_shop_stone, abandoned_shop, uniq_menkaure
D:7:      cheibrodos_fzero, layout_loops_cross,
          mainiacjoe_overflow_cross_hatched, serial_shops, shop_statue,
          chequers_serial_rivers_small_b
Temple:   dpeg_five_rooms_temple

Skill      XL: |  1  2  3  4  5  6  7  8  9 |
---------------+----------------------------+-----
Fighting       | 4 5 6 7 8 |  8.2
Armour         | 4 5 6 7 8 |  8.0
Axes           | 3 5 7 8 |  8.1
Shields        | 4 5 6 7 |  7.1
Dodging        | 1 2 |  2.6
Throwing       | 1 3 5 6 |  6.1
Stealth        | 1 |  1.2

Action                   |  1- 3 |  4- 6 |  7- 9 || total
-------------------------+-------+-------+-------++-------
Melee: War axe           |    49 |    65 |       ||   114
       Headbutt          |     8 |    16 |    34 ||    58
       Hand axe          |       |    32 |   170 ||   202
Throw: Dart              |       |       |    47 ||    47
       Javelin           |       |       |     1 ||     1
Evoke: Wand              |       |       |     2 ||     2
  Use: Scroll            |     1 |     5 |     6 ||    12
       Potion            |       |       |     3 ||     3
Armor: Scale mail        |    12 |    39 |    95 ||   146
       Skin              |       |       |     1 ||     1
Dodge: Dodged            |    17 |    38 |    50 ||   105
Block: Kite shield       |    23 |    47 |   123 ||   193
